[Event "Team 45 45 League T40"]
[Site "Internet Chess Club"]
[Date "2009.02.07"]
[Round "2"]
[White "Thersites"]
[Black "az2112"]
[Result "1/2-1/2"]
[WhiteElo "1747"]
[BlackElo "1764"]
[Opening "Ruy Lopez: closed, center attack"]
[ECO "C84"]
[Time "12:04:09"]
[TimeControl "2700+45"]

1. e4 e5 2. Nf3 Nc6 3. Bb5 a6 4. Ba4 Nf6 5. O-O Be7 6. d4 exd4 7. Re1 b5 8. Bb3
d6 9. Bd5 Nxd5 10. exd5 Ne5 11. Nxd4 Bg4 12. f3 Bd7 13. Bf4 Ng6 14. Bg3 O-O 15.
Nc3 Bh4 16. Bxh4 Qxh4 17. Qd2 Ne5 18. Re4 Qf6 19. Rae1 Nc4 20. Qc1 Rae8 21. b3
Rxe4 22. Rxe4 Ne5 23. Qe3 Qg6 24. Nce2 c5 25. dxc6 Nxc6 26. Nf4 Qg5 27. h4 Qc5
28. Qd3 Nxd4 29. Rxd4 Bf5 30. Qd2 Qxc2 31. Rxd6 Qxd2 32. Rxd2 f6 33. Nd5 Kf7 34.
Nc7 Bc8 35. Kf2 Ke7 36. Ke2 Rd8 37. Nd5+ Kf7 38. Ke3 Bb7 39. Nf4 Rxd2 40. Kxd2
g5 41. hxg5 fxg5 42. Nd3 h5 43. Ke3 Ke7 44. Nc5 Bc8 45. Kd4 Kf6 46. Ne4+ Kg6 47.
Ke5 g4 48. f4 h4 49. Nd6 h3 50. f5+ Kh7 51. gxh3 g3 52. Ne4 g2 53. Ng5+ Kg8 54.
Nf3 Bb7 55. Ng1 Kf7 56. h4 a5 57. h5 Kg7 58. f6+ Kf8 59. h6 Kg8 60. Ke6 Be4 61.
Ke7 Bd5 62. h7+ Kxh7 63. f7 Bxf7 64. Kxf7 a4 65. bxa4 bxa4 66. Kf6 Kh6 67. Kf5
Kg7 68. Ke4 Kf6 69. Kd4 Ke6 70. Kc4 Kd6 71. Kb5 Kd5 72. Kb6 Kd4 73. Kb5 a3 74.
Kb4 Kd3 75. Kxa3 Kc3 76. Ka4 Kc4 77. Ka5 Kc5 78. a4 Kc6 79. Ka6 Kc7 80. Ka7 Kc6
81. a5 Kc7 82. a6 Kc8 83. Nf3 Kc7 {Game drawn by mutual agreement} 1/2-1/2

[Event "Team 45 45 League T40"]
[Site "Internet Chess Club"]
[Date "2009.02.08"]
[Round "2"]
[White "Stav"]
[Black "Paulkov"]
[Result "1/2-1/2"]
[WhiteElo "1838"]
[BlackElo "1767"]
[Opening "Queen's pawn game"]
[ECO "A45"]
[Time "14:57:51"]
[TimeControl "2700+45"]

1. d4 Nf6 2. e3 g6 3. f4 Bg7 4. Nf3 d6 5. Bd3 O-O 6. Nbd2 c5 7. c3 Nc6 8. O-O
Bd7 9. Ne4 cxd4 10. Nxf6+ Bxf6 11. exd4 Qa5 12. Bd2 e5 13. fxe5 dxe5 14. Bh6
Rfd8 15. Qb3 Qb6 16. Bc4 Qxb3 17. axb3 exd4 18. Ng5 Bxg5 19. Bxf7+ Kh8 20. Bxg5
Kg7 21. Bxd8 Rxd8 22. Bd5 dxc3 23. Rf7+ Kh6 24. bxc3 Be8 25. Rf8 Rxd5 26. Rxe8
Rd3 27. Rc1 Rd2 28. Kf1 Na5 29. Re2 Nxb3 30. Rxd2 Nxd2+ 31. Ke2 Nb3 32. Rb1 Nc5
33. Ke3 Kg5 34. Kd4 b6 35. Rf1 a5 36. Rb1 Nd7 37. Kd5 Kf4 38. Kd6 Nc5 39. Kc6
Ne4 40. Rc1 a4 41. Kxb6 a3 42. c4 a2 43. c5 Nc3 44. Ra1 Ke5 45. c6 Kd6 46. c7
Nd5+ 47. Kb7 Nxc7 48. Rxa2 Ne6 49. Kb6 Ke5 50. Rf2 Ng5 51. Kb5 Ne6 52. Kc4 h5
53. h4 g5 54. Re2+ Kf5 55. Rxe6 Kxe6 56. hxg5 Kf5 57. g6 Kxg6 58. Kd4 Kf5 59.
Ke3 Kg4 60. Kf2 h4 61. Kg1 Kg3 62. Kh1 h3 63. gxh3 Kxh3 {Game drawn because
neither player has mating material} 1/2-1/2

[Event "Team 45 45 League T40"]
[Site "Internet Chess Club"]
[Date "2009.02.10"]
[Round "2"]
[White "AntonioMendonca"]
[Black "ghostfire"]
[Result "1/2-1/2"]
[WhiteElo "1698"]
[BlackElo "1834"]
[Opening "Sicilian: Najdorf, 7...Be7"]
[ECO "B98"]
[Time "17:07:36"]
[TimeControl "2700+45"]

1. e4 c5 2. Nf3 d6 3. d4 cxd4 4. Nxd4 Nf6 5. Nc3 a6 6. Bg5 e6 7. f4 Be7 8. Qf3
Qb6 9. O-O-O Nc6 10. Nxc6 bxc6 11. Bxf6 gxf6 12. Bc4 Rb8 13. Bb3 c5 14. Qd3 Bd7
15. Kb1 a5 16. Qc4 O-O 17. Rd3 Ra8 18. Rg3+ Kh8 19. Qe2 a4 20. Qh5 Rg8 21. Qxf7
axb3 22. Qxe7 bxa2+ 23. Nxa2 Qd8 24. Rxg8+ Kxg8 25. Qxd8+ Rxd8 26. Rd1 Bc6 27.
Nc3 Kf7 28. g4 Ke7 29. e5 fxe5 30. fxe5 d5 31. Rd3 Rf8 32. Na2 {Game drawn by
mutual agreement} 1/2-1/2

[Event "Team 45 45 League T40"]
[Site "Internet Chess Club"]
[Date "2009.02.08"]
[Round "2"]
[White "rubo"]
[Black "Victorianum"]
[Result "1-0"]
[WhiteElo "1730"]
[BlackElo "1725"]
[Opening "Bird's opening"]
[ECO "A03"]
[Time "14:03:24"]
[TimeControl "2700+45"]

1. f4 d5 2. Nf3 Nf6 3. e3 g6 4. b3 Bg7 5. Bb2 O-O 6. Be2 c5 7. O-O Nc6 8. Ne5
Nxe5 9. Bxe5 Ne4 10. Bxg7 Kxg7 11. d3 Nf6 12. Nd2 b6 13. Nf3 Bb7 14. Ne5 Nd7 15.
Bf3 Nxe5 16. fxe5 Qc7 17. d4 c4 18. Qe2 c3 19. a4 a5 20. Qf2 e6 21. Be2 Ba6 22.
Qf6+ Kg8 23. Bxa6 Rxa6 24. Rf3 Ra7 25. Raf1 Qe7 26. Qf4 Kg7 27. Rh3 f5 28. exf6+
Rxf6 29. Qe5 Ra8 30. Rxf6 Qxf6 31. Rxh7+ {Black resigns} 1-0

[Event "Team 45 45 League T40"]
[Site "Internet Chess Club"]
[Date "2009.02.05"]
[Round "2"]
[White "Rhel"]
[Black "Frankly"]
[Result "1-0"]
[WhiteElo "1553"]
[BlackElo "1700"]
[Opening "Budapest defense declined"]
[ECO "A51"]
[Time "14:32:07"]
[TimeControl "2700+45"]

1. d4 Nf6 2. c4 e5 3. d5 Bc5 4. e3 d6 5. Nc3 Nbd7 6. g3 O-O 7. Bg2 Bb4 8. Bd2
Nc5 9. Qc2 Re8 10. Nge2 g6 11. O-O Bf5 12. Qd1 e4 13. Nxe4 Nfxe4 14. Bxb4 a5 15.
Ba3 Qf6 16. Nd4 Bd7 17. f3 Ng5 18. Qd2 h5 19. Nb5 Bxb5 20. cxb5 Nd7 21. b3 Qe7
22. e4 Nh7 23. Bb2 Ndf6 24. Qc3 Qf8 25. Rae1 Qh6 26. f4 Kf8 27. e5 Ng8 28. Qxc7
dxe5 29. fxe5 Qg7 30. e6 Ngf6 31. exf7 Qxf7 32. Qd6+ Kg7 33. Rxe8 Rxe8 34. Qf4
Rf8 35. Bh3 g5 36. Qd4 g4 37. Bg2 Qd7 38. Be4 Kg8 39. Bf5 Qg7 40. Be6+ Kh8 41.
Qb6 Ng5 42. Bxf6 Rxf6 43. Qd8+ Kh7 44. Rxf6 Nf3+ 45. Kf2 Ne5 46. Bf5+ Ng6 {Black
resigns} 1-0

[Event "Team 45 45 League T40"]
[Site "Internet Chess Club"]
[Date "2009.02.06"]
[Round "2"]
[White "JimGaming"]
[Black "Check101"]
[Result "1-0"]
[WhiteElo "1308"]
[BlackElo "1337"]
[Opening "Petrov: Cochrane gambit"]
[ECO "C42"]
[Time "15:05:37"]
[TimeControl "2700+45"]

1. e4 e5 2. Nf3 Nf6 3. Nxe5 d6 4. Nxf7 Kxf7 5. d4 Nxe4 6. Qh5+ Ke6 7. Qg4+ Kf7
8. Qxe4 Be7 9. Bc4+ Ke8 10. O-O Nc6 11. Bb5 d5 12. Qe3 Bf5 13. Ba4 Qd6 14. Re1
Kd7 15. Qe5 Qxe5 16. Rxe5 g6 17. Rxd5+ Ke6 18. Bb3 Nb4 19. Re5+ Kf6 20. Nc3 Rhe8
21. h4 Bd6 22. Bg5+ Kg7 23. Rb5 b6 24. Nd5 Nxc2 25. Bf6+ Kh6 26. Bg5+ Kh5 27.
Nf6# {Black checkmated} 1-0

[Event "Team 45 45 League T40"]
[Site "Internet Chess Club"]
[Date "2009.02.15"]
[Round "2"]
[White "MeansToAnEnd"]
[Black "theartist"]
[Result "0-1"]
[WhiteElo "1105"]
[BlackElo "1196"]
[Opening "French defense"]
[ECO "C00"]
[Time "12:35:43"]
[TimeControl "2700+45"]

1. e4 e6 2. Nf3 d5 3. d4 dxe4 4. Ne5 Nf6 5. Nc3 Bb4 6. Bd2 O-O 7. Qe2 Qxd4 8.
Nc4 Bd7 9. O-O-O Qc5 10. Nxe4 Nxe4 11. Qxe4 Bc6 12. Qg4 Nd7 13. Bh6 g6 14. Bxf8
Rxf8 15. a3 Ba5 16. b4 Bxb4 17. axb4 Qxb4 18. Be2 Qc3 19. Ne3 Qa1+ 20. Kd2 Qa5+
21. Kc1 Qa1+ 22. Kd2 Qa5+ 23. c3 Qa2+ 24. Nc2 Ne5 25. Qd4 Ba4 26. Rc1 Nc6 27.
Qd7 Rd8 28. Qd3 Rxd3+ 29. Bxd3 Qd5 30. Ne3 Qg5 31. g3 Ne5 32. Ra1 Nxd3 33. Kxd3
Qb5+ 34. Nc4 Qd5+ {White resigns} 0-1

[Event "Team 45 45 League T40"]
[Site "Internet Chess Club"]
[Date "2009.02.07"]
[Round "2"]
[White "JoeKidd"]
[Black "stillday"]
[Result "1-0"]
[WhiteElo "1146"]
[BlackElo "1166"]
[Opening "French: Winawer, advance, poisoned pawn variation"]
[ECO "C18"]
[Time "13:11:28"]
[TimeControl "2700+45"]

1. e4 e6 2. d4 d5 3. Nc3 Bb4 4. e5 c5 5. a3 Bxc3+ 6. bxc3 Ne7 7. Qg4 O-O 8. Bd3
Nbc6 9. Qh5 Ng6 10. Nf3 Qc7 11. h4 cxd4 12. Ng5 dxc3 13. Qxh7# {Black
checkmated} 1-0

[Event "Team 45 45 League T40"]
[Site "Internet Chess Club"]
[Date "2009.02.10"]
[Round "2"]
[White "arconia"]
[Black "Just-Jim"]
[Result "1-0"]
[WhiteElo "1417"]
[BlackElo "1380"]
[Opening "Three knights game"]
[ECO "C46"]
[Time "18:31:22"]
[TimeControl "2700+45"]

1. e4 e5 2. Nf3 Nc6 3. Nc3 Bb4 4. Be2 Bxc3 5. bxc3 Nf6 6. d3 d6 7. O-O h6 8. Bb2
O-O 9. h3 Be6 10. Nh2 a6 11. f4 exf4 12. Rxf4 Nh7 13. Qe1 Qg5 14. Bc1 Bxh3 15.
Bg4 Bxg4 16. Rxg4 Qe5 17. Bxh6 Nf6 18. Rxg7+ Kh8 19. Qh4 Nh7 20. Ng4 Qe7 21.
Rxh7+ Kxh7 22. Nf6+ Qxf6 23. Qxf6 Rg8 24. Bf4 Rg7 25. Kf2 Ne5 26. Qh4+ Kg8 27.
Bxe5 dxe5 28. Rh1 {Black resigns} 1-0

[Event "Team 45 45 League T40"]
[Site "Internet Chess Club"]
[Date "2009.02.04"]
[Round "2"]
[White "reverendjim"]
[Black "kidcobra"]
[Result "0-1"]
[WhiteElo "1269"]
[BlackElo "1416"]
[Opening "Ruy Lopez: Cozio defense"]
[ECO "C60"]
[Time "18:00:38"]
[TimeControl "2700+45"]

1. e4 e5 2. Nf3 Nc6 3. Bb5 Nge7 4. d4 exd4 5. Nxd4 Nxd4 6. Qxd4 Ng6 7. O-O a6 8.
Ba4 c5 9. Qd5 Be7 10. f4 Qc7 11. f5 Ne5 12. Bf4 Bd6 13. Na3 O-O 14. Rad1 Nf3+
15. Rxf3 Bxf4 16. g3 Be5 17. c3 d6 18. Bb3 Bd7 19. Nc4 Bc6 20. Qd3 Rfd8 21. Qe3
b5 22. Nxe5 dxe5 23. Qxc5 Rxd1+ 24. Bxd1 Qd7 25. Rf1 Bxe4 26. Qxe5 Re8 27. Qf4
Bd3 28. Qd2 Qa7+ 29. Rf2 Be4 30. Kf1 Qb7 31. Bc2 Bxc2 32. Qxc2 Qh1# {White
checkmated} 0-1

[Event "Team 45 45 League T40"]
[Site "Internet Chess Club"]
[Date "2009.02.11"]
[Round "2"]
[White "bowwrestler"]
[Black "chips"]
[Result "1-0"]
[WhiteElo "1028"]
[BlackElo "1213"]
[Opening "Scandinavian (center counter) defense"]
[ECO "B01"]
[Time "16:00:35"]
[TimeControl "2700+45"]

1. e4 d5 2. Bd3 dxe4 3. Bxe4 Nf6 4. Nc3 e6 5. Nf3 Bb4 6. d3 Bxc3+ 7. bxc3 Nxe4
8. dxe4 Qxd1+ 9. Kxd1 O-O 10. Ba3 Rd8+ 11. Ke2 Nc6 12. Rhe1 b6 13. Kf1 Ba6+ 14.
Kg1 Na5 15. Be7 Re8 16. Bh4 Nc4 17. Rab1 Bb7 18. Bg3 Nd6 19. Rbd1 Bxe4 20. Bxd6
Bxf3 21. gxf3 cxd6 22. Rxd6 Red8 23. Red1 Rxd6 24. Rxd6 Kf8 25. Kf1 Ke7 26. Rd4
Rd8 27. Ke2 Rc8 28. Kd3 f6 29. Rc4 Rd8+ 30. Rd4 e5 31. Rxd8 Kxd8 32. Ke4 Kd7 33.
Kd5 a6 34. c4 h5 35. c5 g5 36. cxb6 g4 37. fxg4 hxg4 38. b7 Kc7 39. Ke6 Kxb7 40.
Kxf6 Kb6 41. Kxe5 Kb5 42. Kf4 Kb4 43. Kxg4 Ka3 44. f4 Kxa2 45. f5 Kb2 46. f6 a5
47. f7 a4 48. f8=Q a3 49. Qxa3+ Kxa3 50. h4 Kb2 51. h5 Kxc2 52. h6 Kc3 53. h7
Kd2 54. h8=Q Ke2 55. Qd4 Kf1 56. Qe3 Kg2 57. Qf4 Kh1 58. Qd2 Kg1 59. Qe2 Kh1 60.
Kg3 Kg1 61. Qg2# {Black checkmated} 1-0

[Event "Team 45 45 League T40"]
[Site "Internet Chess Club"]
[Date "2009.02.09"]
[Round "2"]
[White "proudchess"]
[Black "Morovon23"]
[Result "1/2-1/2"]
[WhiteElo "1918"]
[BlackElo "2131"]
[Opening "Alekhine's defense: Scandinavian variation"]
[ECO "B02"]
[Time "09:00:08"]
[TimeControl "2700+45"]

1. e4 Nf6 2. Nc3 d5 3. e5 Ne4 4. Nf3 Bf5 5. Nd4 e6 6. Nxf5 exf5 7. Nxe4 fxe4 8.
d4 c5 9. Bb5+ Nc6 10. O-O Qb6 11. Bxc6+ Qxc6 12. c3 Be7 13. Qg4 O-O 14. Be3 f5
15. exf6 Rxf6 16. f3 exf3 17. Rxf3 Rxf3 18. Qxf3 Rf8 19. Qg4 c4 20. Rf1 Rxf1+
21. Kxf1 b5 22. Bf4 b4 23. Be5 g6 24. cxb4 Bxb4 25. h4 Be7 26. h5 Kf7 27. Qf4+
Ke8 28. Qh6 Qa4 29. hxg6 Qd1+ 30. Kf2 Qc2+ 31. Kg3 Qxg6+ 32. Qxg6+ hxg6 33. Kf4
Kd7 34. g4 a5 35. b3 Bd6 36. Bxd6 Kxd6 37. bxc4 dxc4 38. Ke4 Kc6 39. g5 Kd6 40.
a4 Kc6 41. d5+ Kd6 42. Kd4 c3 43. Kxc3 Kxd5 44. Kd3 Kc5 45. Kc3 Kd5 46. Kd3 Kc5
47. Kc3 Kd5 {Game drawn by repetition} 1/2-1/2

[Event "Team 45 45 League T40"]
[Site "Internet Chess Club"]
[Date "2009.02.16"]
[Round "2"]
[White "Fezzik"]
[Black "trucazzo"]
[Result "1-0"]
[WhiteElo "1997"]
[BlackElo "2028"]
[Opening "Budapest: Fajarowicz variation"]
[ECO "A51"]
[Time "16:05:14"]
[TimeControl "2700+45"]

1. d4 Nf6 2. c4 e5 3. dxe5 Ne4 4. Nf3 b6 5. a3 Bb7 6. Nbd2 Nc5 7. b4 Ne6 8. e3
d6 9. exd6 Qf6 10. Rb1 Bxd6 11. Bd3 Nc6 12. Ne4 Qe7 13. Nxd6+ Qxd6 14. Be2 Qe7
15. O-O Rd8 16. Qc2 Qf6 17. Bb2 Qh6 18. Rbd1 O-O 19. Rxd8 Rxd8 20. Rd1 Re8 21.
Qf5 Ne7 22. Qb5 Bc6 23. Qe5 Ng6 24. Qg3 f5 25. Ne5 f4 26. Qh3 Qxh3 27. gxh3 Nxe5
28. Bxe5 Ng5 29. exf4 Nxh3+ 30. Kf1 Re6 31. b5 Rg6 32. Rd8+ Be8 33. Rxe8+ Kf7
34. Bh5 Kxe8 35. Bxg6+ hxg6 36. Kg2 Nxf4+ 37. Bxf4 Kd7 38. Kf3 c6 39. Ke4 cxb5
40. cxb5 {Black resigns} 1-0

[Event "Team 45 45 League T40"]
[Site "Internet Chess Club"]
[Date "2009.02.08"]
[Round "2"]
[White "kirsan"]
[Black "JoshRom"]
[Result "0-1"]
[WhiteElo "1896"]
[BlackElo "2052"]
[Opening "Sicilian: Prins (Moscow) variation"]
[ECO "B55"]
[Time "14:03:26"]
[TimeControl "2700+45"]

1. e4 c5 2. Nf3 d6 3. d4 cxd4 4. Nxd4 Nf6 5. f3 g6 6. c4 Bg7 7. Nc3 Nc6 8. Nc2
O-O 9. Be2 Ne8 10. O-O f5 11. Be3 Be6 12. Qd2 f4 13. Bf2 Ne5 14. Nd5 Bd7 15.
Nxf4 Rc8 16. Rad1 e6 17. b3 b5 18. c5 Bh6 19. Nxe6 Bxd2 20. Nxd8 Bg5 21. Nb7 Be7
22. b4 Rc7 23. Nxd6 Bxd6 24. f4 Rxf4 25. Nd4 Bf8 26. Nxb5 Rb7 27. a4 a6 28. Nd6
Nxd6 29. cxd6 Rxb4 30. Bxa6 Rxa4 31. Bb7 Bg7 32. Rb1 h5 33. Bd5+ Kh7 34. Rfc1
Rxf2 35. Kxf2 Nd3+ 36. Ke3 Nxc1 37. Rxc1 Bh6+ {White resigns} 0-1

[Event "Team 45 45 League T40"]
[Site "Internet Chess Club"]
[Date "2009.02.07"]
[Round "2"]
[White "iasonmessinis"]
[Black "Chessduke"]
[Result "1-0"]
[WhiteElo "2189"]
[BlackElo "2128"]
[Opening "Scandinavian: Pytel-Wade variation"]
[ECO "B01"]
[Time "12:09:40"]
[TimeControl "2700+45"]

1. e4 d5 2. exd5 Qxd5 3. Nc3 Qd6 4. d4 Nf6 5. Nf3 a6 6. h3 e6 7. Bc4 b5 8. Bb3
Bb7 9. O-O Be7 10. Bg5 Nbd7 11. Qe2 O-O 12. Rad1 h6 13. Bh4 Rfe8 14. Rfe1 c5 15.
dxc5 Qxc5 16. Bxf6 Nxf6 17. Ne5 Rad8 18. Nxf7 Rxd1 19. Nxd1 Kxf7 20. Qxe6+ Kg6
21. Re5 Qd6 22. Qf5# {Black checkmated} 1-0

[Event "Team 45 45 League T40"]
[Site "Internet Chess Club"]
[Date "2009.02.07"]
[Round "2"]
[White "Legal"]
[Black "Klampin"]
[Result "0-1"]
[WhiteElo "1992"]
[BlackElo "1963"]
[Opening "Queen's bishop game"]
[ECO "D02"]
[Time "08:00:15"]
[TimeControl "2700+45"]

1. d4 d5 2. Nf3 Nf6 3. Bf4 Bf5 4. Nbd2 e6 5. e3 Bd6 6. Bg5 Nbd7 7. Nh4 Bg6 8. c3
Qe7 9. f4 O-O-O 10. a4 Kb8 11. Qb3 c5 12. Ba6 Nb6 13. a5 c4 14. Nxg6 hxg6 15.
Qc2 Na8 16. Bb5 a6 17. Ba4 Qc7 18. O-O Rdf8 19. Bxf6 gxf6 20. b3 g5 21. bxc4
dxc4 22. Ne4 gxf4 23. Nxd6 fxe3 24. Qe4 Qxd6 25. h3 Nc7 26. Qxe3 Nd5 27. Qd2
Rfg8 28. Rf3 Rh5 29. Bc2 Rhg5 30. Rf2 Rg3 31. Rb1 Rxh3 32. Be4 Nxc3 33. Rxb7+
Kc8 34. Qf4 Nxe4 35. Qxe4 f5 36. Qb1 Qh2+ 37. Kf1 Rxg2 38. Rxg2 Rf3+ 39. Ke1
{White resigns} 0-1

[Event "Team 45 45 League T40"]
[Site "Internet Chess Club"]
[Date "2009.02.08"]
[Round "2"]
[White "tsia68"]
[Black "LubanaColorok"]
[Result "1-0"]
[WhiteElo "1912"]
[BlackElo "2016"]
[Opening "English opening"]
[ECO "A10"]
[Time "06:00:16"]
[TimeControl "2700+45"]

1. c4 d5 2. cxd5 Qxd5 3. Nc3 Qd8 4. d4 e6 5. Nf3 Nf6 6. Bg5 Be7 7. e3 O-O 8. Bd3
b6 9. O-O Bb7 10. Qe2 Nc6 11. a3 Nd5 12. Bxe7 Ncxe7 13. Ng5 Ng6 14. Qh5 Nf6 15.
Qh3 Re8 16. f4 Qe7 17. Rae1 h6 18. Nf3 Rad8 19. Ne5 Nxe5 20. fxe5 Nh7 21. Rf4
Rf8 22. Ref1 c5 23. Rg4 Kh8 24. Qg3 f5 25. exf6 Rxf6 26. Rxf6 Nxf6 27. Rf4 g5
28. Rxf6 Qxf6 29. Qc7 Kg8 30. Qxb7 cxd4 31. Ne4 Qe5 32. Qe7 Rf8 33. Bc2 dxe3 34.
Nxg5 Rf1+ 35. Kxf1 hxg5 36. Qe8+ Kg7 37. Qe7+ Kg8 38. Qe8+ Kg7 39. Qg6+ Kf8 40.
Qe4 Qxh2 41. Qxe3 Qh1+ 42. Ke2 Qxg2+ 43. Qf2+ Qxf2+ 44. Kxf2 Ke7 45. Kg3 a5 46.
Kg4 Kf6 47. Bd3 Ke5 48. Kxg5 Kd4 49. Bb5 Ke4 50. Kf6 e5 51. Ke6 Kd4 52. Kd6 e4
53. Kc6 e3 54. Kxb6 a4 55. Be2 Kd5 56. Kb5 Kd4 57. Kxa4 Kc5 58. Ka5 Kc6 59. Kb4
Kd5 60. Kb5 Kd6 61. a4 Kc7 62. Kc4 Kb6 63. Kd4 Ka5 64. b3 Kb4 65. Kxe3 Kc5 66.
Ke4 Kb6 67. Kd5 Ka5 68. Kc6 Kb4 69. Kb6 Kxb3 70. a5 Kc3 71. a6 Kd2 72. Bh5 Ke3
73. a7 Kf4 74. a8=Q Kg5 75. Qd5+ Kh6 76. Kc7 Kg7 77. Qf7+ Kh8 78. Qe8+ Kg7 79.
Kd6 Kf6 80. Qe5# {Black checkmated} 1-0

[Event "Team 45 45 League T40"]
[Site "Internet Chess Club"]
[Date "2009.02.06"]
[Round "2"]
[White "Russellovich"]
[Black "PJ"]
[Result "0-1"]
[WhiteElo "1690"]
[BlackElo "1818"]
[Opening "Scotch gambit: Dubois-Réti defense"]
[ECO "C55"]
[Time "08:03:41"]
[TimeControl "2700+45"]

1. e4 e5 2. Nf3 Nc6 3. d4 exd4 4. Bc4 Nf6 5. e5 d5 6. Bb5 Ne4 7. Nxd4 Bd7 8.
Bxc6 bxc6 9. f3 Qh4+ 10. Ke2 Qf2+ 11. Kd3 c5 12. fxe4 Qxd4+ 13. Ke2 Bg4+ {White
resigns} 0-1

[Event "Team 45 45 League T40"]
[Site "Internet Chess Club"]
[Date "2009.02.08"]
[Round "2"]
[White "albacore"]
[Black "gaboonzoom"]
[Result "0-1"]
[WhiteElo "1428"]
[BlackElo "1559"]
[Opening "Queen's pawn game"]
[ECO "A46"]
[Time "09:02:23"]
[TimeControl "2700+45"]

1. d4 Nf6 2. Nf3 e6 3. Bf4 d5 4. e3 c5 5. c3 Nc6 6. Nbd2 Qb6 7. Rb1 c4 8. Be2
Qa5 9. O-O Qxa2 10. Ne5 Qa6 11. b3 Nxe5 12. Bxe5 b5 13. bxc4 dxc4 14. Qc2 Bb7
15. Ra1 Qb6 16. Rfb1 Qc6 17. Bf3 Qd7 18. Bxb7 Qxb7 19. Nxc4 Qd5 20. Nd2 a6 21.
c4 Qc6 22. Qd1 bxc4 23. Qa4 Qxa4 24. Rxa4 c3 25. Nb3 Be7 26. Bxf6 gxf6 27. Nc5
Bxc5 28. dxc5 c2 29. Rc1 O-O-O 30. Rd4 Rxd4 31. exd4 Rd8 32. Rxc2 Rxd4 33. Kf1
a5 34. Ke1 a4 35. Rc3 Kc7 36. f3 Kc6 37. Ke2 f5 38. Ke3 Rb4 39. Kd3 Rb3 40. Rxb3
axb3 41. Kc3 Kxc5 42. Kxb3 Kd4 43. Kb4 Ke3 44. Kc5 Kf2 45. Kd6 Kxg2 46. Ke7 Kxf3
47. Kxf7 e5 48. Kf6 e4 49. h4 e3 50. h5 e2 51. Kg7 e1=Q 52. Kxh7 Qe7+ 53. Kg6 f4
54. h6 Kg2 55. h7 Qxh7+ {White resigns} 0-1

[Event "Team 45 45 League T40"]
[Site "Internet Chess Club"]
[Date "2009.02.08"]
[Round "2"]
[White "ticopatzer"]
[Black "Glassywoman"]
[Result "1-0"]
[WhiteElo "1487"]
[BlackElo "1423"]
[Opening "Philidor: exchange variation"]
[ECO "C41"]
[Time "18:29:15"]
[TimeControl "2700+45"]

1. e4 e5 2. Nf3 d6 3. d4 exd4 4. Qxd4 Nf6 5. Bg5 Be7 6. Nc3 O-O 7. O-O-O Nc6 8.
Qd2 Qd7 9. e5 Ng4 10. Bxe7 Qxe7 11. exd6 cxd6 12. h3 Nf6 13. Qxd6 Qxd6 14. Rxd6
Be6 15. Bb5 Rac8 16. Bxc6 bxc6 17. Nd4 Bd7 18. Re1 c5 19. Nb3 Be6 20. Ne4 Nxe4
21. Rxe4 c4 22. Nd4 c3 23. b3 h6 24. f3 Rfd8 25. Rxd8+ Rxd8 26. Nxe6 fxe6 27.
Rxe6 Rd2 28. g4 Rf2 29. Kd1 Rxf3 30. Ke2 Rxh3 31. Re3 Rxe3+ 32. Kxe3 Kf7 33. Kd3
Kf6 34. Kxc3 Kg5 35. Kd3 Kxg4 36. c4 h5 37. c5 h4 38. c6 h3 39. c7 h2 40. c8=Q+
Kf3 41. Qh3+ {Black resigns} 1-0

[Event "Team 45 45 League T40"]
[Site "Internet Chess Club"]
[Date "2009.02.05"]
[Round "2"]
[White "Kalar-Yadwa"]
[Black "SeniorCitizen"]
[Result "0-1"]
[WhiteElo "1327"]
[BlackElo "1389"]
[Opening "QGD: exchange variation"]
[ECO "D35"]
[Time "12:23:00"]
[TimeControl "2700+45"]

1. d4 Nf6 2. c4 d5 3. Nc3 e6 4. cxd5 Nxd5 5. e4 Nxc3 6. bxc3 Be7 7. Nf3 O-O 8.
Be2 b6 9. O-O Bb7 10. Qc2 c5 11. Rb1 cxd4 12. cxd4 Ba6 13. Re1 Bxe2 14. Rxe2 Nd7
15. Bb2 Nf6 16. Rd1 Rc8 17. Qa4 Qc7 18. d5 Rfd8 19. Red2 exd5 20. exd5 Qb7 21.
d6 Bf8 22. d7 Rc7 23. Ne5 Bc5 24. Kf1 Qe4 25. Qxe4 Nxe4 26. Re2 Nf6 27. Red2 Kf8
28. f4 Be7 29. g3 Ne4 30. Rd4 Nc5 31. Kf2 f6 32. Rc4 fxe5 33. Bxe5 Nd3+ 34. Rxd3
Rxc4 35. Bc7 Rxc7 {White resigns} 0-1

[Event "Team 45 45 League T40"]
[Site "Internet Chess Club"]
[Date "2009.02.04"]
[Round "2"]
[White "chips"]
[Black "rgadoury"]
[Result "1/2-1/2"]
[WhiteElo "1238"]
[BlackElo "1283"]
[Opening "QGD Slav: Winawer counter-gambit"]
[ECO "A21"]
[Time "15:46:38"]
[TimeControl "2700+45"]

1. c4 e5 2. Nc3 c6 3. d4 d5 4. cxd5 cxd5 5. dxe5 Nc6 6. Qxd5 Qxd5 7. Nxd5 Bb4+
8. Kd1 Ba5 9. a3 Be6 10. Nf4 O-O-O+ 11. Nd3 Nxe5 12. b4 Bb6 13. Ke1 Nxd3+ 14.
exd3 Nf6 15. Be3 Bxe3 16. fxe3 Kb8 17. d4 Ne4 18. Rc1 Rc8 19. Ra1 Rc3 20. Ke2
Bc4+ 21. Kf3 Bxf1 22. Ne2 Bxe2+ 23. Kxe2 Re8 24. Rhc1 Rxc1 25. Rxc1 Rc8 26.
Rxc8+ Kxc8 27. Kd3 Nd6 28. a4 f5 29. g3 g5 30. d5 Kc7 31. Kd4 b6 32. h3 Nf7 33.
e4 fxe4 34. Kxe4 Kd6 35. g4 h6 36. Kd4 Ne5 {Game drawn by mutual agreement}
1/2-1/2

[Event "Team 45 45 League T40"]
[Site "Internet Chess Club"]
[Date "2009.02.07"]
[Round "2"]
[White "Prop"]
[Black "cobbler"]
[Result "1-0"]
[WhiteElo "1356"]
[BlackElo "1151"]
[Opening "French: advance, Nimzovich system"]
[ECO "C02"]
[Time "16:04:37"]
[TimeControl "2700+45"]

1. e4 e6 2. d4 d5 3. e5 c5 4. Nf3 cxd4 5. Nxd4 Nd7 6. Bb5 Bc5 7. O-O Ne7 8. Be3
O-O 9. Bxd7 Bxd7 10. Qg4 Ng6 11. g3 Qc7 12. Qe2 Qxe5 13. Rd1 Qc7 14. c3 a6 15.
Nd2 Qb6 16. N2b3 Bb5 17. Nxb5 Bxe3 18. N5d4 Bg5 19. Nf3 Bf6 20. Rac1 Qb5 21.
Qxb5 axb5 22. a3 b6 23. Nbd4 Bxd4 24. Rxd4 Ra4 25. Rcd1 Rxd4 26. Rxd4 e5 27.
Rxd5 e4 28. Ne5 f5 29. Nxg6 hxg6 30. Rxb5 Rf6 31. Re5 Kh7 32. h3 Kh6 33. Kg2 Rd6
34. g4 Kg5 35. Re7 Rd2 36. gxf5 Kf4 37. fxg6 Rxb2 38. Rxg7 Rb5 39. Rf7+ Kg5 40.
g7 {Black resigns} 1-0

[Event "Team 45 45 League T40"]
[Site "Internet Chess Club"]
[Date "2009.02.05"]
[Round "2"]
[White "KingOfHearts"]
[Black "BosqueVerde"]
[Result "0-1"]
[WhiteElo "1253"]
[BlackElo "1253"]
[Opening "Four knights: Italian variation"]
[ECO "C55"]
[Time "20:00:26"]
[TimeControl "2700+45"]

1. e4 e5 2. Nf3 Nc6 3. Bc4 Nf6 4. Nc3 Be7 5. d3 O-O 6. O-O d6 7. h3 Bd7 8. Bg5
a6 9. Qd2 b5 10. Bb3 h6 11. Bh4 Nd4 12. Nxd4 exd4 13. Ne2 c5 14. Nf4 Re8 15. Ng6
c4 16. Nxe7+ Qxe7 17. dxc4 Be6 18. cxb5 Bxb3 19. Bxf6 Qxf6 20. axb3 Rxe4 21.
bxa6 d5 22. Qa5 Qc6 23. Rfc1 Re2 24. c3 d3 25. c4 d4 26. Rd1 Qf6 27. Rf1 d2 28.
a7 d3 29. Qd5 Rxa7 30. Rxa7 d1=Q 31. Ra8+ Kh7 32. Rxd1 Qxf2+ 33. Kh1 d2 34. Qd3+
f5 35. Raa1 Qxg2# {White checkmated} 0-1